Map: Terraform LE (Void)

Players

Tefel

  • Race: Zerg Zerg
  • League: Grandmaster

Bobby (TheStC) - Winner!

  • Race: Terran Terran
  • League: Master

Event: Lycan League Weekly July #1

VOD

Have the link to the VOD?

Description

Time

  • Played on: July 20, 2015, 3:32 p.m.
  • Length: 6:00

All games in this series

Show
View Real Time Build Order
Export as new Build Order

Tefel Zerg 

Build Orders: Pool First 

Get SALT Encoding   

  12  0:01  Drone  
  13  0:08  Drone  
  14  0:18  Overlord  
  14  0:22  Extractor  
  14  0:23  Drone  
  15  0:36  Drone x2  
  17  0:45  Spawning Pool  
  17  0:47  Drone  
  17  0:54  Drone  
  18  1:12  Hatchery  
  18  1:14  Drone  
  18  1:15  Extractor  
  17  1:19  Drone  
  18  1:27  Drone  
  18  1:31  Queen  
  21  1:38  Drone  
  22  1:48  Overlord  
  22  2:06  Drone  
  22  2:07  Hatchery  
  22  2:13  Queen  
  24  2:19  Metabolic Boost  
  24  2:26  Drone  
  24  2:27  Drone  
  24  2:29  Drone  
  27  2:31  Drone  
  27  2:36  Drone  
  28  2:41  Spore Crawler  
  27  2:45  Drone  
  27  2:47  Drone  
  27  2:50  Drone  
  29  2:54  Drone  
  32  2:58  Drone  
  32  2:59  Drone  
  32  3:00  Drone  
  34  3:06  Overlord  
  34  3:08  Drone  
  35  3:16  Drone  
  39  3:20  Drone x5  
  39  3:24  Overlord  
  39  3:25  Drone  
  42  3:27  Zergling x2  
  42  3:30  Zergling x2, Extractor  
  43  3:36  Queen  
  43  3:38  Zergling x2  
  43  3:39  Zergling x2  
  43  3:41  Zergling x2  
  48  3:42  Zergling x2  
  48  3:46  Baneling Nest  
  48  3:48  Zergling x2  
  49  3:49  Zergling x2  
  49  3:54  Drone x2  
  49  3:55  Drone  
  53  3:56  Zergling x4  
  54  4:07  Zergling x2  
  53  4:10  Drone  
  53  4:11  Drone, Overlord x2  
  53  4:13  Zergling x2  
  53  4:16  Zergling x2  
  57  4:17  Drone  
  57  4:26  Overlord  
  55  4:33  Baneling x2  
  55  4:37  Drone x4  
  59  4:38  Lair  
  59  4:42  Zergling x4  
  59  4:45  Zergling x2  
  59  4:46  Zergling x10  
  59  4:47  Zergling x4  
  59  4:48  Zergling x2  
  63  4:57  Zergling x4  
  63  4:58  Zergling x2  
  66  5:00  Baneling x2  
  66  5:02  Baneling x2  
  65  5:09  Zergling x2  
  63  5:14  Drone x5  
  63  5:17  Extractor  
  63  5:19  Extractor  
  66  5:26  Zergling x6  
  66  5:28  Zergling x2  
  68  5:31  Zergling x2  
  65  5:39  Zergling x4  
  65  5:41  Zergling x2  
  50  5:56  Spire  
Show
View Real Time Build Order
Export as new Build Order

Bobby Terran - Winner!

Build Orders: Hellion Opening, Liberator Opening, Reaper Expand 

Get SALT Encoding   

  12  0:01  SCV  
  13  0:13  SCV  
  14  0:18  Supply Depot  
  14  0:25  SCV  
  15  0:40  SCV  
  15  0:42  Barracks  
  16  0:45  Refinery  
  16  0:52  SCV  
  17  1:04  SCV  
  18  1:16  SCV  
  19  1:29  Reaper  
  19  1:30  Orbital Command  
  20  1:39  Command Center  
  20  1:47  Supply Depot  
  20  1:53  Refinery  
  20  1:56  SCV  
  21  2:07  Factory  
  21  2:09  SCV  
  23  2:22  SCV  
  23  2:27  Barracks Reactor  
  23  2:34  SCV  
  24  2:46  SCV  
  25  2:57  Starport  
  25  2:58  SCV, Orbital Command  
  26  3:07  Hellion x2  
  26  3:10  Armory, SCV  
  31  3:17  Liberator  
  31  3:18  Marine  
  32  3:22  SCV  
  32  3:25  SCV  
  34  3:28  Hellion  
  34  3:29  Hellion  
  34  3:32  Supply Depot  
  38  3:36  SCV  
  38  3:37  SCV  
  43  3:47  Supply Depot  
  43  3:51  Hellion  
  43  3:52  SCV  
  43  3:54  SCV, Hellion  
  49  3:58  Supply Depot  
  49  4:00  Liberator  
  48  4:10  SCV  
  48  4:11  SCV  
  48  4:12  Hellion  
  48  4:15  Hellion  
  54  4:21  Supply Depot  
  57  4:25  SCV x2  
  57  4:31  Supply Depot  
  59  4:35  Hellion  
  59  4:37  Hellion  
  63  4:39  Hellion x4  
  63  4:42  Liberator  
  56  4:55  Command Center  
  56  4:56  Hellion  
  56  4:58  SCV x2, Hellion  
  65  5:10  Factory  
  65  5:12  Factory  
  65  5:18  Hellion  
  65  5:19  Hellion  
  73  5:47  SCV x2  
  76  5:50  Refinery  
  76  5:51  Refinery  
  76  5:52  Barracks Tech Lab  
  76  5:55  Command Center  

Tags
 
Add a new tag
Caveats
  • Supply blocks, unpowered buildings, or Contaminate may cause inaccurate times.
  • Supply counts are checked every 10 seconds.